3L
BUCKHEAD BOWTIES @ CHICAGO HAWKS
09/25/2029
 
TOP OF THE 1ST
Buckhead Bowties batting - Pitching for Chicago Hawks : RHP Lucas Begay
Pitching: RHP Lucas Begay
Batting: RHB Won-min Yi 0-0: Called Strike
0-1: Called Strike
0-2: Foul Ball, location: 2F
0-2: Strikes out swinging
Batting: RHB Al Thomas 0-0: Swinging Strike
0-1: Ball
1-1: SINGLE (Flyball, 7LS)
Batting: RHB Richard Jost 0-0: Ball
1-0: Ball
2-0: Fly out, F9 (Flyball, 9LSF)
Batting: RHB Vojtech Farkas 0-0: Foul Ball, location: 2F
0-1: Ball
1-1: Ball
2-1: SINGLE (Groundball, 4MD)
Al Thomas to second
Batting: RHB Todd Sentell 0-0: Ball
1-0: Ground out 4-3 (Groundball, 4)
Top of the 1st over - 0 runs, 2 hits, 0 errors, 2 left on base; Buckhead 0 - Chicago 0
BOTTOM OF THE 1ST
Chicago Hawks batting - Pitching for Buckhead Bowties : RHP Brian Scalabrine
Pitching: RHP Brian Scalabrine
Batting: RHB Luis Rodríguez 0-0: Fly out, F8 (Flyball, 8RXD)
Batting: RHB Paddy Hodnett 0-0: Called Strike
0-1: Foul Ball, location: 2F
0-2: Foul Ball, location: 2F
0-2: Ball
1-2: Foul Ball, location: 2F
1-2: Ball
2-2: Ground out 4-3 (Groundball, 4)
Batting: LHB Jeff Simpson 0-0: Ball
1-0: Ball
2-0: DOUBLE (Line Drive, 9LM)
Batting: LHB Curt Wilson 0-0: Called Strike
0-1: Foul Ball, location: 2F
0-2: Strikes out swinging
Bottom of the 1st over - 0 runs, 1 hit, 0 errors, 1 left on base; Buckhead 0 - Chicago 0
TOP OF THE 2ND
Buckhead Bowties batting - Pitching for Chicago Hawks : RHP Lucas Begay
Batting: RHB Phil Baker 0-0: Ball
1-0: Called Strike
1-1: Called Strike
1-2: Fly out, F8 (Flyball, 8LXD)
Batting: LHB Gregg Young 0-0: Foul Ball, location: 2F
0-1: Called Strike
0-2: Ball
1-2: Ball
2-2: Fly out, F9 (Flyball, 9LD)
Batting: RHB Raúl Ruíz 0-0: SINGLE (Groundball, 6MD)
Batting: LHB José Valéncia 0-0: Ground out 4-3 (Groundball, 34)
Top of the 2nd over - 0 runs, 1 hit, 0 errors, 1 left on base; Buckhead 0 - Chicago 0
BOTTOM OF THE 2ND
Chicago Hawks batting - Pitching for Buckhead Bowties : RHP Brian Scalabrine
Batting: SHB Luis Manuel Flores 0-0: Ball
1-0: Ball
2-0: Called Strike
2-1: Foul Ball, location: 2F
2-2: Foul Ball, location: 2F
2-2: Foul Ball, location: 2F
2-2: Ground out U3 (Groundball, 34)
Batting: LHB Albert González 0-0: Called Strike
0-1: Ball
1-1: Ground out 6-3 (Groundball, 6)
Batting: RHB Curt Kenney 0-0: Called Strike
0-1: Foul Ball, location: 2F
0-2: Fly out, F6 (Popup, 6M)
Bottom of the 2nd over - 0 runs, 0 hits, 0 errors, 0 left on base; Buckhead 0 - Chicago 0
TOP OF THE 3RD
Buckhead Bowties batting - Pitching for Chicago Hawks : RHP Lucas Begay
Batting: RHB Won-min Yi 0-0: Swinging Strike
0-1: Ball
1-1: SINGLE (Groundball, 56D)
Batting: RHB Al Thomas 0-0: Swinging Strike
0-1: Ball
1-1: Ground out U3 (Groundball, 34)
Won-min Yi to second
Batting: RHB Richard Jost 0-0: Called Strike
0-1: Ball
1-1: Swinging Strike
1-2: Ball
2-2: Strikes out swinging
Batting: RHB Vojtech Farkas 0-0: Ball
1-0: DOUBLE (Line Drive, 9LM)
Won-min Yi scores
Batting: RHB Todd Sentell 0-0: DOUBLE (Line Drive, 9D)
Vojtech Farkas scores
Batting: RHB Phil Baker 0-0: Ball
1-0: Ball
2-0: Ball
3-0: Called Strike
3-1: Ground out 3-1 (Groundball, 34S)
Top of the 3rd over - 2 runs, 3 hits, 0 errors, 1 left on base; Buckhead 2 - Chicago 0
BOTTOM OF THE 3RD
Chicago Hawks batting - Pitching for Buckhead Bowties : RHP Brian Scalabrine
Batting: RHB Vincente Rotham 0-0: Fly out, F2 (Popup, 3SF)
Batting: LHB Perry Bothof 0-0: Ball
1-0: Called Strike
1-1: Ball
2-1: Foul Ball, location: 2F
2-2: Foul Ball, location: 2F
2-2: Ball
3-2: Strikes out swinging
Batting: RHB Luis Rodríguez 0-0: Ball
1-0: Called Strike
1-1: Ground out 4-3 (Groundball, 4)
Bottom of the 3rd over - 0 runs, 0 hits, 0 errors, 0 left on base; Buckhead 2 - Chicago 0
TOP OF THE 4TH
Buckhead Bowties batting - Pitching for Chicago Hawks : RHP Lucas Begay
Batting: LHB Gregg Young 0-0: Ball
1-0: Called Strike
1-1: Swinging Strike
1-2: SINGLE (Line Drive, 7S)
Batting: RHB Raúl Ruíz 0-0: Ball
1-0: Called Strike
1-1: Foul Ball, location: 2F
1-2: Ball
2-2: Strikes out swinging
Batting: LHB José Valéncia 0-0: Ball
1-0: Ball
2-0: Ball
3-0: Called Strike
3-1: Fly out, F7 (Flyball, 78D)
Batting: RHB Won-min Yi 0-0: Ball
1-0: Fielders Choice at 2nd, 6-4 (Groundball, 6)
Top of the 4th over - 0 runs, 1 hit, 0 errors, 1 left on base; Buckhead 2 - Chicago 0
BOTTOM OF THE 4TH
Chicago Hawks batting - Pitching for Buckhead Bowties : RHP Brian Scalabrine
Batting: RHB Paddy Hodnett 0-0: Swinging Strike
0-1: Ball
1-1: Swinging Strike
1-2: Strikes out swinging
Batting: LHB Jeff Simpson 0-0: Ball
1-0: Swinging Strike
1-1: Swinging Strike
1-2: Ball
2-2: Strikes out swinging
Batting: LHB Curt Wilson 0-0: Called Strike
0-1: Ball
1-1: Ball
2-1: Foul Ball, location: 2F
2-2: Ball
3-2: Foul Ball, location: 2F
3-2: Base on Balls
Batting: SHB Luis Manuel Flores 0-0: Swinging Strike
0-1: Called Strike
0-2: Hit by Pitch
Curt Wilson to second
Batting: LHB Albert González 0-0: Ball
1-0: Called Strike
1-1: Ball
2-1: Fielders Choice at 2nd, 6-4 (Groundball, 6)
Bottom of the 4th over - 0 runs, 0 hits, 0 errors, 2 left on base; Buckhead 2 - Chicago 0
TOP OF THE 5TH
Buckhead Bowties batting - Pitching for Chicago Hawks : RHP Lucas Begay
Batting: RHB Al Thomas 0-0: Foul Ball, location: 2F
0-1: Ball
1-1: Foul Ball, location: 2F
1-2: Strikes out swinging
Batting: RHB Richard Jost 0-0: Ball
1-0: Foul Ball, location: 2F
1-1: Foul Ball, location: 2F
1-2: Ball
2-2: Foul Ball, location: 2F
2-2: Ground out U3 (Groundball, 34S)
Batting: RHB Vojtech Farkas 0-0: Ball
1-0: Ball
2-0: SINGLE (Groundball, 6MD)
Batting: RHB Todd Sentell 0-0: Called Strike
0-1: Ball
Vojtech Farkas steals 2nd base
1-1: Foul Ball, location: 2F
1-2: Strikes out swinging, 2-3 out at first.
Top of the 5th over - 0 runs, 1 hit, 0 errors, 1 left on base; Buckhead 2 - Chicago 0
BOTTOM OF THE 5TH
Chicago Hawks batting - Pitching for Buckhead Bowties : RHP Brian Scalabrine
Batting: RHB Curt Kenney 0-0: Ball
1-0: Ground out 3-1 (Groundball, 34S)
Batting: RHB Vincente Rotham 0-0: Called Strike
0-1: Ball
1-1: Ball
2-1: Foul Ball, location: 2F
2-2: Foul Ball, location: 2F
2-2: Foul Ball, location: 2F
2-2: Foul Ball, location: 2F
2-2: Ball
3-2: Foul Ball, location: 2F
3-2: Strikes out swinging
Batting: LHB Perry Bothof 0-0: Called Strike
0-1: Ball
1-1: SINGLE (Line Drive, 9LS)
Batting: RHB Luis Rodríguez 0-0: Fly out, F8 (Flyball, 8RS)
Bottom of the 5th over - 0 runs, 1 hit, 0 errors, 1 left on base; Buckhead 2 - Chicago 0
TOP OF THE 6TH
Buckhead Bowties batting - Pitching for Chicago Hawks : RHP Lucas Begay
Batting: RHB Phil Baker 0-0: Ball
1-0: Ball
2-0: Called Strike
2-1: Ball
3-1: Base on Balls
Batting: LHB Gregg Young 0-0: Ball
1-0: Ball
2-0: Ball
3-0: Called Strike
3-1: Bunted foul
3-2: Strikes out swinging
Batting: RHB Raúl Ruíz 0-0: Ground out 5-3 (Groundball, 56S)
Phil Baker to second
Batting: LHB José Valéncia 0-0: Ball
1-0: Ball
2-0: Ball
3-0: Called Strike
3-1: Foul Ball, location: 2F
3-2: Foul Ball, location: 2F
3-2: Base on Balls
Batting: RHB Won-min Yi 0-0: Ball
1-0: Fly out, F7 (Flyball, 78S)
Top of the 6th over - 0 runs, 0 hits, 0 errors, 2 left on base; Buckhead 2 - Chicago 0
BOTTOM OF THE 6TH
Chicago Hawks batting - Pitching for Buckhead Bowties : RHP Brian Scalabrine
Batting: RHB Paddy Hodnett 0-0: Called Strike
0-1: Fly out, F7 (Line Drive, 7)
Batting: LHB Jeff Simpson 0-0: Ball
1-0: Swinging Strike
1-1: Foul Ball, location: 2F
1-2: Ball
2-2: Foul Ball, location: 2F
2-2: SINGLE (Line Drive, 89M)
Batting: LHB Curt Wilson 0-0: Called Strike
0-1: Fly out, F7 (Flyball, 7D)
Runner from 1st tags up, SAFE at 2nd
Batting: SHB Luis Manuel Flores 0-0: Foul Ball, location: 2F
0-1: Foul Ball, location: 2F
0-2: Ball
1-2: Strikes out looking
Bottom of the 6th over - 0 runs, 1 hit, 0 errors, 1 left on base; Buckhead 2 - Chicago 0
TOP OF THE 7TH
Buckhead Bowties batting - Pitching for Chicago Hawks : RHP Lucas Begay
Batting: RHB Al Thomas 0-0: Called Strike
0-1: SINGLE (Groundball, 4D)
Batting: RHB Richard Jost 0-0: Ball
1-0: Foul Ball, location: 2F
1-1: Ball
2-1: Grounds into double play, 4-6-3 (Groundball, 4)
Batting: RHB Vojtech Farkas 0-0: Called Strike
0-1: Foul Ball, location: 2F
0-2: Fly out, F8 (Flyball, 8LS)
Top of the 7th over - 0 runs, 1 hit, 0 errors, 0 left on base; Buckhead 2 - Chicago 0
BOTTOM OF THE 7TH
Chicago Hawks batting - Pitching for Buckhead Bowties : RHP Brian Scalabrine
Batting: LHB Albert González 0-0: Ball
1-0: SINGLE (Flyball, 78S)
Pitching: RHP Kyle Buckman
Batting: RHB Curt Kenney 0-0: Ball
1-0: Reached on error, E6 (Groundball, 6M)
Albert González to second
Batting: RHB Vincente Rotham 0-0: Bunted foul
0-1: Bunted foul
0-2: Ball
1-2: Ball
2-2: Grounds into double play, 5-4-3 (Groundball, 56)
Albert González to third
Batting: LHB Perry Bothof 0-0: Foul Ball, location: 2F
0-1: Ball
1-1: Ground out 1-3 (Groundball, 15S)
Bottom of the 7th over - 0 runs, 1 hit, 1 error, 1 left on base; Buckhead 2 - Chicago 0
TOP OF THE 8TH
Buckhead Bowties batting - Pitching for Chicago Hawks : RHP Lucas Begay
Batting: RHB Todd Sentell 0-0: Called Strike
0-1: Ball
1-1: Called Strike
1-2: Foul Ball, location: 2F
1-2: Fly out, F6 (Line Drive, 6M)
Batting: RHB Phil Baker 0-0: Ball
1-0: Called Strike
1-1: Ball
2-1: Ball
3-1: Foul Ball, location: 2F
3-2: Ground out 6-3 (Groundball, 6)
Batting: LHB Gregg Young 0-0: Ball
1-0: Foul Ball, location: 2F
1-1: SINGLE (Groundball, 34D)
Pitching: RHP Pat McCormick
Batting: RHB Raúl Ruíz 0-0: Swinging Strike
0-1: Fly out, F5 (Popup, 5)
Top of the 8th over - 0 runs, 1 hit, 0 errors, 1 left on base; Buckhead 2 - Chicago 0
BOTTOM OF THE 8TH
Chicago Hawks batting - Pitching for Buckhead Bowties : RHP Kyle Buckman
Batting: RHB Luis Rodríguez 0-0: Ball
1-0: Swinging Strike
1-1: Ball
2-1: Ball
3-1: Base on Balls
Batting: RHB Paddy Hodnett 0-0: Ball
1-0: Called Strike
1-1: Ball
2-1: Ball
3-1: Swinging Strike
3-2: Strikes out looking
Luis Rodríguez steals 2nd base
Batter strikes out.
Batting: LHB Jeff Simpson 0-0: Called Strike
0-1: Ball
1-1: Swinging Strike
1-2: Ground out 4-3 (Groundball, 4S)
Luis Rodríguez to third
Batting: LHB Curt Wilson 0-0: Reached on error, E6 (Groundball, 56)
Luis Rodríguez scores
Batting: SHB Luis Manuel Flores 0-0: Fielders Choice at 2nd, 6-4 (Groundball, 6)
Bottom of the 8th over - 1 run, 0 hits, 1 error, 1 left on base; Buckhead 2 - Chicago 1
TOP OF THE 9TH
Buckhead Bowties batting - Pitching for Chicago Hawks : RHP Pat McCormick
Pitching: RHP Matt Harris
Batting: LHB José Valéncia 0-0: Ball
1-0: Fly out, F4 (Line Drive, 4)
Batting: RHB Won-min Yi 0-0: Ball
1-0: Ball
2-0: Ball
3-0: Called Strike
3-1: Foul Ball, location: 2F
3-2: Strikes out swinging
Batting: RHB Al Thomas 0-0: Ground out 1-3 (Groundball, 13)
Top of the 9th over - 0 runs, 0 hits, 0 errors, 0 left on base; Buckhead 2 - Chicago 1
BOTTOM OF THE 9TH
Chicago Hawks batting - Pitching for Buckhead Bowties : RHP Kyle Buckman
Batting: LHB Albert González 0-0: Called Strike
0-1: Ground out 4-3 (Groundball, 4)
Batting: RHB Curt Kenney 0-0: Ball
1-0: Foul Ball, location: 2F
1-1: SOLO HOME RUN (Flyball, 7LD), Distance : 336 ft
Pitching: RHP Ron Manning
Batting: RHB Vincente Rotham 0-0: Swinging Strike
0-1: Foul Ball, location: 2F
0-2: Foul Ball, location: 2F
0-2: Ball
1-2: Ball
2-2: Ball
3-2: Foul Ball, location: 2F
3-2: TRIPLE (Flyball, 78XD)
Batting: LHB Perry Bothof 0-0: Intentional Walk
Pitching: RHP David Buchanan
Batting: RHB Luis Rodríguez 0-0: Ball
1-0: Ground out 5-3 (Groundball, 2L)
Perry Bothof to second
Batting: RHB Paddy Hodnett 0-0: Ball
1-0: Foul Ball, location: 2F
1-1: SINGLE (Flyball, 89M)
Vincente Rotham scores
Tuesday, December 19th, 2017 - OOTP Baseball 18.8 Build 76